 Dungeon Crawl Stone Soup version 0.31-a0-986-g5e6e4ef867 (webtiles) character file.

Game seed: 9904209995735985547

415 timneilson the Covered (level 6, -12/38 HPs)
             Began as a Gargoyle Fighter on Nov 12, 2023.
             Mangled by an ogre
             ... wielding a +0 giant club
              (20 damage)
             ... on level 4 of the Dungeon.
             The game lasted 00:04:32 (2666 turns).

timneilson the Covered (Gargoyle Fighter)           Turns: 2666, Time: 00:04:33

Health: -12/38     AC: 14    Str: 20    XL:     6   Next: 92%
Magic:  6/6        EV:  8    Int:  8    God:
Gold:   195        SH: 11    Dex: 11    Spells: 5/5 levels left

rFire   . . .        a - +0 long sword
rCold   . . .        c - +1 buckler
rNeg    + . .        e - +0 chain mail
rPois   ∞            (no helmet)
rElec   +            g - scarf {repulsion}
rCorr   .            (no gloves)
SInv    .            (no boots)
Will    .....        k - amulet of reflection Stlth
                     (no ring)
HPRegen 0.26/turn    (no ring)
MPRegen 0.10/turn

%: repel missiles, reflection
@: no status effects
A: sickness immunity, AC +4, negative energy resistance 1, electricity
resistance, torment resistance 1, petrification resistance
a: no special abilities


You were on level 4 of the Dungeon.
You visited 1 branch of the dungeon, and saw 4 of its levels.

You collected 195 gold pieces.

Inventory:

Hand Weapons
 a - a +0 long sword (weapon)
Armour
 c - a +1 buckler (worn)
 e - a +0 chain mail (worn)
 g - a scarf of repulsion (worn)
 h - a +0 plate armour
Jewellery
 k - an amulet of reflection (around neck)
Wands
 q - a wand of roots (12)
Scrolls
 b - 3 scrolls of immolation
 j - 2 scrolls of blinking {unknown}
 m - a scroll of amnesia
 n - a scroll of teleportation
 o - a scroll of vulnerability
 p - a scroll of poison {unknown}
Potions
 d - 3 potions of might
 f - a potion of curing
 i - 3 potions of heal wounds
 l - 2 potions of degeneration {unknown}


   Skills:
 + Level 4.2 Fighting
 * Level 3.5 Long Blades
 * Level 5.0 Armour
 + Level 1.6 Dodging
 * Level 5.0 Shields


You had 5 spell levels left.
You didn't know any spells.
Your spell library contained the following spells:

 Spells                   Type           Power      Damage    Failure   Level
 Summon Small Mammal      Summ           0%         N/A       98%         1
 Call Canine Familiar     Summ           0%         N/A       100%        3
 Summon Guardian Golem    Hex/Summ       0%         N/A       100%        3


Dungeon Overview and Level Annotations

Branches:
Dungeon (4/15)
 Temple: D:4-7

Altars:
Sif Muna
Vehumet
Zin

Annotations:
D:1 1 transporter


Innate Abilities, Weirdness & Mutations

You are immune to sickness and miasma.
Your stone body is resilient. (AC +4)
You are immune to poison.
You resist negative energy. (rN+)
You are resistant to electric shocks. (rElec)
You are resistant to unholy torment.
You are immune to petrification.


Message History

You now have 140 gold pieces (gained 9).
You now have 151 gold pieces (gained 11).
You now have 169 gold pieces (gained 18).
You now have 176 gold pieces (gained 7).
You now have 192 gold pieces (gained 16).
There is a glowing silver altar of Zin here.
There is an open door here.
o - a scroll of vulnerability
p - a scroll labelled HUAZISTROAGH
Found a stone staircase leading up.
There is a stone staircase leading up here.
q - a wand of roots (12)
A hobgoblin comes into view.
The hobgoblin shouts!
You hit the hobgoblin.
You kill the hobgoblin!
You open the door.
Found a shimmering blue altar of Sif Muna.
Found Sif Muna's Elucidation of Bombardment and Sif Muna's Precepts of Attacks.
There is an open door here.
Found Sif Muna's Codex of Displacement.
There is a shimmering blue altar of Sif Muna here.
There is an open door here.
You now have 195 gold pieces (gained 3).
d - 3 potions of might (gained 1)
An ogre comes into view. It is wielding a +0 giant club.
The ogre shouts!
The ogre hits you with a +0 giant club!
You slash the ogre!
The ogre is heavily wounded.
The ogre hits you with a +0 giant club!
You hit the ogre.
The ogre is heavily wounded.
The ogre hits you with a +0 giant club!
* * * LOW HITPOINT WARNING * * *
You barely miss the ogre.
The ogre is heavily wounded.
The ogre hits you with a +0 giant club!!
Ouch! That really hurt!
You die...

#####.#
#.# .. #.#
#. #.# #.
#.# .##
#.# ..#
#.# #.#
#.# #O#
#.# #@#
#.# #.#
#.# #.#
#.# #.#
#.# ###
#.# #.#
##.###.#
#####.#
##...##.#
#.....#
##.....#.#
#.#####
#........#


You could see an ogre.

Vanquished Creatures
  A phantom (D:4)
  3 scorpions (D:4)
  An iguana (D:4)
  Natasha (twice) (D:3)
  A gnoll (D:1)
  An adder (D:2)
  A worm (D:2)
  A dart slug (D:1)
  7 orcs
  2 endoplasms
  A giant cockroach (D:3)
  5 goblins
  9 hobgoblins
  A quokka (D:3)
  10 ball pythons
  5 bats
  4 frilled lizards
  8 kobolds
  9 rats
72 creatures vanquished.

Vanquished Creatures (others)
  An orc (D:3)
1 creature vanquished.

Grand Total: 73 creatures vanquished

Notes
Turn   | Place    | Note
-------+----------+-------------------------------------------
     0 | D:1      | timneilson the Gargoyle Fighter began the quest for the
                  | Orb.
     0 | D:1      | Reached XP level 1. HP: 14/14 MP: 1/1
   107 | D:1      | Reached XP level 2. HP: 19/19 MP: 2/2
   400 | D:1      | Reached XP level 3. HP: 23/23 MP: 3/3
  1092 | D:2      | Reached XP level 4. HP: 26/28 MP: 4/4
  1123 | D:2      | Found a faded altar of an unknown god.
  1634 | D:3      | Found a radiant altar of Vehumet.
  1830 | D:3      | Noticed Natasha
  1841 | D:3      | Killed Natasha
  1885 | D:3      | Noticed Natasha
  1896 | D:3      | Killed Natasha
  1897 | D:3      | Reached skill level 1 in Dodging
  1897 | D:3      | Reached XP level 5. HP: 8/33 MP: 5/5
  1998 | D:4      | Identified the of Vesuej
  1998 | D:4      | Identified the "Pakeiqeck"
  1998 | D:4      | Identified the of Vuraimp
  2087 | D:4      | Reached XP level 6. HP: 34/38 MP: 6/6
  2362 | D:4      | Reached skill level 5 in Armour
  2362 | D:4      | Reached skill level 5 in Shields
  2369 | D:4      | Found a glowing silver altar of Zin.
  2581 | D:4      | Found a shimmering blue altar of Sif Muna.
  2666 | D:4      | Mangled by an ogre

Illustrated notes

Levels and vault maps discovered:
D:1:      spicycebolla_arrival_risky_transporter, layout_basic
D:2:      layout_loops_cross, hellmonk_ecumenical_altar_heavens_door,
          kennysheep_generic_room_15
D:3:      layout_rooms, fiery_altar_vehumet, uniq_natasha
D:4:      layout_loops_ring, amcnicky_altar_gilded,
          nicolae_sif_muna_little_library, temple_hall, uniq_sigmund

Skill      XL: |  1  2  3  4  5  6 |
---------------+-------------------+-----
Long Blades    | 2 3 |  3.5
Shields        | 4 5 |  5.0
Armour         | 4 5 |  5.0
Dodging        | 1 |  1.6
Fighting       | 4 |  4.2

Action                     |  1- 3 |  4- 6 || total
---------------------------+-------+-------++-------
  Melee: Long sword        |   136 |   176 ||   312
    Use: Scroll            |     5 |     3 ||     8
 Armour: Scale mail        |   105 |    12 ||   117
         Chain mail        |       |    96 ||    96
  Dodge: Dodged            |    81 |    60 ||   141
  Block: Buckler           |    22 |    64 ||    86

Table legend: (Time is in decaauts)
 A = Elapsed time spent in this place.
 B = Non-inter-level travel time spent in this place.
 C = Inter-level travel time spent in this place.
 D = Time resting spent in this place.
 E = Time spent auto-exploring this place.
 F = Levels seen in this place.
 G = Mean time per level.
                   A        B        C        D        E       F      G
               +--------+--------+--------+--------+--------+-----+--------+
         Total |   2762 |   2677 |     85 |    111 |   1832 |   4 |  690.5 |
       Dungeon |   2762 |   2677 |     85 |    111 |   1832 |   4 |  690.5 |
               +--------+--------+--------+--------+--------+-----+--------+

Top non-repeatable levels by time:
     D:2: 741 daAuts
     D:4: 697 daAuts
     D:1: 689 daAuts
     D:3: 633 daAuts
